 Dungeon Crawl Stone Soup version 0.27-a0-650-g8dd3ea4f36 (webtiles) character file.

Game seed: 12347697143320121270

79 Grognak the Skirmisher (level 4, -2/33 HPs)
             Began as an Octopode Chaos Knight on Mar 16, 2021.
             Was a Plaything of Xom.
             Slain by an adder (4 damage)
             ... on level 2 of the Dungeon.
             The game lasted 00:01:39 (1182 turns).

Grognak the Skirmisher (Octopode Chaos Knight)      Turns: 1182, Time: 00:01:40

Health: -2/33      AC: 12    Str: 10 (11) XL:     4   Next: 37%
Magic:  4/4        EV: 19    Int: 13 (14) God:    Xom [......]
Gold:   57         SH:  0    Dex: 11 (12) Spells: 3/3 levels left

rFire    . . .     SeeInvis .   (weapon currently unavailable)
rCold    . . .     Faith    .   (shield currently unavailable)
rNeg     + + +     Spirit   .   (helmet currently unavailable)
rPois    +         Reflect  .   (no amulet)
rElec    .         Harm     .   (no ring)
rCorr    .         Rampage  .   (no ring)
Will     .....                  (no ring)
Stlth    ++........             (no ring)
HPRegen  0.11/turn              (no ring)
MPRegen  0.09/turn              (no ring)
                                (no ring)
                                (no ring)

@: fungus-form (expiring)
A: melee confuse, terrified, no casting, almost no armour, (amphibious), 8
rings, tiny, (camouflage 1), (gelatinous body 1), (nimble swimmer 1),
(tentacles)
a: Renounce Religion


You were on level 2 of the Dungeon.
You worshipped Xom.
You were a very special plaything of Xom.
You were a sentient fungus.
You visited 1 branch of the dungeon, and saw 2 of its levels.

You collected 57 gold pieces.

Inventory:

Hand Weapons
 a - a +0 short sword of chaos (melded)
Armour
 c - a +0 buckler
Jewellery
 h - an amulet of the acrobat
Scrolls
 b - 2 scrolls of identify {unknown}
 d - 2 scrolls of teleportation {unknown}
 g - 3 scrolls of fear {unknown}
 i - a scroll of magic mapping {unknown}


   Skills:
 * Level 3.9 Fighting
 * Level 3.7 Short Blades
 * Level 2.8 Dodging
 * Level 1.9 Stealth


You had 3 spell levels left.
You didn't know any spells.
Your spell library was empty.

Dungeon Overview and Level Annotations

Branches:
Dungeon (2/15)

Altars:


Innate Abilities, Weirdness & Mutations

You are a sentient fungus.
You are tiny and evasive.
Your melee attack releases spores that confuse breathing creatures.
You become terrified and freeze when enemies are visible.
Your armour is entirely melded.
You are incapable of wielding weapons or throwing items.
You cannot cast spells.
You cannot wear most types of armour.
((You are amphibious.))
You can wear up to eight rings at the same time.
((Your skin changes colour to match your surroundings (Stealth+).))
((Your rubbery body absorbs attacks. (AC +1, EV +1)))
((You are stealthy while swimming. (Stealth+)))
((You have tentacles for arms and can constrict up to eight enemies at once.))


Message History

The goblin shoots a stone.
The stone closely misses you.
The goblin unwields a +0 hunting sling.
The goblin wields a +2 dagger of chaos.
It is briefly surrounded by a scintillating aura of random colours.
The goblin hits you with a +2 dagger of chaos.
* * * LOW HITPOINT WARNING * * *
You are confused.
You are too injured to fight recklessly!
You're too confused to move!
The goblin hits you with a +2 dagger of chaos.
* * * LOW HITPOINT WARNING * * *
You bump into the rock wall.
You feel less confused.
The goblin hits you with a +2 dagger of chaos.
* * * LOW HITPOINT WARNING * * *
You turn into a sentient fungus.
Your +0 short sword of chaos melds into your body.
You release spores at the goblin.
You kill the goblin!
You barely miss the adder. The adder bites you but does no damage.
You barely miss the adder. The adder misses you.
The adder bites you but does no damage.
You're too terrified to move while being watched!
You're too terrified to move while being watched!
An adder is nearby!
An adder is nearby!
The adder misses you. The adder barely misses you. The adder misses you.
The adder bites you but does no damage.
Your transformation is almost over.
The adder misses you. The adder barely misses you.
The adder bites you but does no damage. The adder misses you.
The adder bites you.
* * * LOW HITPOINT WARNING * * *
The adder completely misses you. The adder misses you. The adder misses you.
The adder completely misses you. The adder bites you but does no damage.
The adder bites you.
You die...

#.......###.......#
#.<......##.......#
#........##.......#
#........##.......#
#.....S..##.......#
......g.....##.......#
......#####)###'######
...... #S# #.# ...).
#f###.# ..... #..##.#
.... ##.##.# ....
#..#.######..
#............
#..#.######.. #....#
#.#..# #.#..#


You could see an adder.

Vanquished Creatures
  A bullfrog skeleton (D:2)
  A gnoll (D:1)
  2 worms (D:2)
  2 dart slugs (D:1)
  A leopard gecko (D:1)
  3 bats
  4 hobgoblins
  A quokka (D:2)
  A ball python (D:2)
  3 frilled lizards
  6 goblins
  5 kobolds
  2 rats
32 creatures vanquished.

Notes
Turn   | Place    | Note
-------+----------+-------------------------------------------
     0 | D:1      | Grognak the Octopode Chaos Knight began the quest for the
                  | Orb.
     0 | D:1      | Reached XP level 1. HP: 16/16 MP: 1/1
    93 | D:1      | XOM: silly message
   157 | D:1      | XOM: divination: magic mapping
   338 | D:1      | Reached XP level 2. HP: 10/21 MP: 2/2
   563 | D:1      | XOM: silly message
   668 | D:1      | Reached skill level 1 in Stealth
   668 | D:1      | Reached XP level 3. HP: 26/26 MP: 3/3
   739 | D:1      | XOM: divination: detect creatures
   792 | D:1      | XOM: silly message
   833 | D:2      | XOM: silly message
  1001 | D:2      | XOM: divination: magic mapping
  1002 | D:2      | Reached XP level 4. HP: 33/33 MP: 4/4
  1163 | D:2      | XOM: chaos upgrade
  1177 | D:2      | HP: 1/33 [adder (3)]
  1182 | D:2      | Slain by an adder

Illustrated notes

Levels and vault maps discovered:
D:1:      psy_arrival_spokes, layout_basic, minmay_misc_feat_roman
D:2:      layout_basic

Skill      XL: |  1  2 |
---------------+-------+-----
Stealth        | 1 |  1.9
Fighting       | |  3.9
Short Blades   | |  3.7
Dodging        | |  2.8

Action                   |  1- 3 |  4- 6 || total
-------------------------+-------+-------++-------
Melee: Short sword       |    33 |    30 ||    63
       Constrict         |     6 |     6 ||    12
       Tentacles         |     3 |     6 ||     9
       Unarmed           |       |     3 ||     3
  Use: Potion            |       |     2 ||     2
 Stab: Sleeping          |     6 |       ||     6
Armor: Skin              |     2 |     9 ||    11
Dodge: Dodged            |    10 |    35 ||    45

Table legend: (Time is in decaauts)
 A = Elapsed time spent in this place.
 B = Non-inter-level travel time spent in this place.
 C = Inter-level travel time spent in this place.
 D = Time resting spent in this place.
 E = Time spent auto-exploring this place.
 F = Levels seen in this place.
 G = Mean time per level.
                   A        B        C        D        E       F      G
               +--------+--------+--------+--------+--------+-----+--------+
         Total |   1176 |   1176 |      0 |      0 |    961 |   2 |  588.0 |
       Dungeon |   1176 |   1176 |      0 |      0 |    961 |   2 |  588.0 |
               +--------+--------+--------+--------+--------+-----+--------+

Top non-repeatable levels by time:
     D:1: 818 daAuts
     D:2: 358 daAuts
